PAA
SAN BERNARDINO GRASSHOPPERS @ NORTHVILLE ECLIPSE
09/17/2037
 
TOP OF THE 1ST
San Bernardino Grasshoppers batting - Pitching for Northville Eclipse : RHP Pi-ao Tsao
Pitching: RHP Pi-ao Tsao
Batting: RHB Ethan Brierley 0-0: Ball
1-0: Called Strike
1-1: Ball
2-1: Ground out 5-3 (Groundball, 56S, EV 83.1 MPH)
Batting: LHB José Soriano 0-0: Swinging Strike
0-1: Ball
1-1: Called Strike
1-2: Foul Ball, location: 2F
1-2: Strikes out swinging
Batting: LHB Riley Rowbery 0-0: Ball
1-0: Fly out, F6 (Popup, 6, EV 74.4 MPH)
Top of the 1st over - 0 runs, 0 hits, 0 errors, 0 left on base; San Bernardino 0 - Northville 0
BOTTOM OF THE 1ST
Northville Eclipse batting - Pitching for San Bernardino Grasshoppers : RHP Michael Leonard
Pitching: RHP Michael Leonard
Batting: LHB Tillmam Cru 0-0: Ball
1-0: Foul Ball, location: 2F
1-1: Foul Ball, location: 2F
1-2: Foul Ball, location: 2F
1-2: Ball
2-2: Ground out 6-3 (Groundball, 6, EV 102.5 MPH)
Batting: LHB Jon Ellender 0-0: Swinging Strike
0-1: Called Strike
0-2: Ball
1-2: Ball
2-2: Ball
3-2: Base on Balls
Batting: RHB Noel Peterson 0-0: Ball
1-0: Ball
2-0: Foul Ball, location: 2F
2-1: Ball
3-1: Base on Balls
Jon Ellender to second
Batting: LHB Marvello Obra 0-0: Fly out, F8 (Flyball, 8LM, EV 91.9 MPH)
Batting: RHB Pat Geldart 0-0: Called Strike
0-1: Foul Ball, location: 2F
0-2: Ball
1-2: Foul Ball, location: 2F
1-2: Ball
2-2: Ball
3-2: Foul Ball, location: 2F
3-2: Fly out, F9 (Flyball, 89D, EV 86.2 MPH)
Bottom of the 1st over - 0 runs, 0 hits, 0 errors, 2 left on base; San Bernardino 0 - Northville 0
TOP OF THE 2ND
San Bernardino Grasshoppers batting - Pitching for Northville Eclipse : RHP Pi-ao Tsao
Batting: LHB Francisco Rojas 0-0: Called Strike
0-1: Foul Ball, location: 2F
0-2: Ball
1-2: Ball
2-2: Ball
3-2: Ground out 4-3 (Groundball, 4M, EV 91.9 MPH)
Batting: RHB Pancho Espinoza 0-0: Ball
1-0: Ball
2-0: Called Strike
2-1: Foul Ball, location: 2F
2-2: SINGLE (Line Drive, 8RS, EV 87.5 MPH)
Batting: SHB Eric Thomas 0-0: Ball
1-0: Ball
2-0: Foul Ball, location: 2F
2-1: Ball
3-1: Base on Balls
Pancho Espinoza to second
Batting: RHB Albert Seals 0-0: Ball
1-0: Grounds into double play, 5-4-3 (Groundball, 56, EV 107.5 MPH)
Top of the 2nd over - 0 runs, 1 hit, 0 errors, 1 left on base; San Bernardino 0 - Northville 0
BOTTOM OF THE 2ND
Northville Eclipse batting - Pitching for San Bernardino Grasshoppers : RHP Michael Leonard
Batting: LHB Raymond Dudzinski 0-0: Fly out, F7 (Flyball, 7, EV 78.8 MPH)
Batting: RHB Ik-jun Cho 0-0: Called Strike
0-1: Foul Ball, location: 2F
0-2: Ball
1-2: Foul Ball, location: 2F
1-2: Ground out 6-3 (Groundball, 6, EV 101.2 MPH)
Batting: RHB Wade Tazewell 0-0: Fly out, F8 (Flyball, 8LM, EV 81.2 MPH)
Bottom of the 2nd over - 0 runs, 0 hits, 0 errors, 0 left on base; San Bernardino 0 - Northville 0
TOP OF THE 3RD
San Bernardino Grasshoppers batting - Pitching for Northville Eclipse : RHP Pi-ao Tsao
Batting: RHB Dusty Hunt 0-0: Ball
1-0: Ball
2-0: Foul Ball, location: 2F
2-1: Foul Ball, location: 2F
2-2: Foul Ball, location: 2F
2-2: Strikes out swinging
Batting: RHB Rio Clark 0-0: Ball
1-0: Ball
2-0: Called Strike
2-1: Ball
3-1: Base on Balls
Batting: RHB Ethan Brierley 0-0: Ball
1-0: Swinging Strike
1-1: Ball
2-1: Ball
3-1: Grounds into double play, 6-4-3 (Groundball, 56, EV 86.2 MPH)
Top of the 3rd over - 0 runs, 0 hits, 0 errors, 0 left on base; San Bernardino 0 - Northville 0
BOTTOM OF THE 3RD
Northville Eclipse batting - Pitching for San Bernardino Grasshoppers : RHP Michael Leonard
Batting: RHB Colm Shapland 0-0: Ball
1-0: Called Strike
1-1: Ball
2-1: Ball
3-1: Base on Balls
Batting: LHB Tillmam Cru 0-0: Called Strike
0-1: Ball
1-1: Ball
2-1: Foul Ball, location: 2F
2-2: Foul Ball, location: 2F
2-2: Ball
3-2: Fielders Choice at 2nd, 4-6 (Groundball, 34, EV 81.9 MPH)
Batting: LHB Jon Ellender 0-0: Foul Ball, location: 2F
0-1: Ball
1-1: Called Strike
1-2: Ball
2-2: Ball
3-2: Base on Balls
Tillmam Cru to second
Batting: RHB Noel Peterson 0-0: Ball
1-0: Fielders Choice at 2nd, 5-4 (Groundball, 56, EV 90.0 MPH)
Tillmam Cru to third
Batting: LHB Marvello Obra 0-0: Called Strike
0-1: Foul Ball, location: 2F
0-2: Fly out, F8 (Flyball, 8LM, EV 94.4 MPH)
Bottom of the 3rd over - 0 runs, 0 hits, 0 errors, 2 left on base; San Bernardino 0 - Northville 0
TOP OF THE 4TH
San Bernardino Grasshoppers batting - Pitching for Northville Eclipse : RHP Pi-ao Tsao
Batting: LHB José Soriano 0-0: Foul Ball, location: 2F
0-1: Ball
1-1: Swinging Strike
1-2: Foul Ball, location: 2F
1-2: Ground out 4-3 (Groundball, 4, EV 88.1 MPH)
Batting: LHB Riley Rowbery 0-0: Ball
1-0: Ball
2-0: Ball
3-0: Called Strike
3-1: SINGLE (Groundball, 56D, EV 93.8 MPH)
Batting: LHB Francisco Rojas 0-0: Ball
1-0: Ball
2-0: Called Strike
2-1: Foul Ball, location: 2F
2-2: Ball
3-2: Base on Balls
Riley Rowbery to second
Batting: RHB Pancho Espinoza 0-0: Ball
1-0: Ball
2-0: Ball
3-0: Called Strike
3-1: Called Strike
3-2: Foul Ball, location: 2F
3-2: Fly out, F3 (Popup, 3, EV 57.5 MPH)
Batting: SHB Eric Thomas 0-0: Ball
1-0: Ball
Passed Ball!
Riley Rowbery to third
Francisco Rojas to second
2-0: Called Strike
2-1: Swinging Strike
2-2: Strikes out looking
Top of the 4th over - 0 runs, 1 hit, 0 errors, 2 left on base; San Bernardino 0 - Northville 0
BOTTOM OF THE 4TH
Northville Eclipse batting - Pitching for San Bernardino Grasshoppers : RHP Michael Leonard
Batting: RHB Pat Geldart 0-0: Ball
1-0: Ball
2-0: Ball
3-0: Base on Balls
Batting: LHB Raymond Dudzinski 0-0: Foul Ball, location: 2F
0-1: SINGLE (Groundball, 34, EV 103.1 MPH)
Pat Geldart to second
Runner from 2nd tries for 3rd, SAFE, throw by RF made to third
Batting: RHB Ik-jun Cho 0-0: Ball
1-0: Foul Ball, location: 2F
1-1: Grounds into double play, 5-4-3 (Groundball, 5S, EV 86.2 MPH)
Pat Geldart scores
Batting: RHB Wade Tazewell 0-0: Called Strike
0-1: Swinging Strike
0-2: Strikes out looking
Bottom of the 4th over - 1 run, 1 hit, 0 errors, 0 left on base; San Bernardino 0 - Northville 1
TOP OF THE 5TH
San Bernardino Grasshoppers batting - Pitching for Northville Eclipse : RHP Pi-ao Tsao
Batting: RHB Albert Seals 0-0: Ball
1-0: Ground out U3 (Groundball, 34, EV 78.8 MPH)
Batting: RHB Dusty Hunt 0-0: Ball
1-0: Called Strike
1-1: Foul Ball, location: 2F
1-2: Strikes out swinging
Batting: RHB Rio Clark 0-0: DOUBLE (Line Drive, 9LM, EV 105.6 MPH)
Batting: RHB Ethan Brierley 0-0: Called Strike
0-1: Called Strike
0-2: Ball
1-2: Ground out 5-3 (Groundball, 56, EV 87.5 MPH)
Top of the 5th over - 0 runs, 1 hit, 0 errors, 1 left on base; San Bernardino 0 - Northville 1
BOTTOM OF THE 5TH
Northville Eclipse batting - Pitching for San Bernardino Grasshoppers : RHP Michael Leonard
Batting: RHB Colm Shapland 0-0: Called Strike
0-1: Ground out 4-3 (Groundball, 4, EV 81.2 MPH)
Batting: LHB Tillmam Cru 0-0: Swinging Strike
0-1: Foul Ball, location: 2F
0-2: Foul Ball, location: 2F
0-2: Strikes out swinging
Batting: LHB Jon Ellender 0-0: Called Strike
0-1: Ball
1-1: Ball
2-1: Fly out, F7 (Flyball, 7D, EV 99.4 MPH)
Bottom of the 5th over - 0 runs, 0 hits, 0 errors, 0 left on base; San Bernardino 0 - Northville 1
TOP OF THE 6TH
San Bernardino Grasshoppers batting - Pitching for Northville Eclipse : RHP Pi-ao Tsao
Batting: LHB José Soriano 0-0: Foul Ball, location: 2F
0-1: Foul Ball, location: 2F
0-2: Ball
1-2: Ball
2-2: Foul Ball, location: 2F
2-2: Ball
3-2: Ground out 5-3 (Groundball, 5L, EV 91.2 MPH)
Batting: LHB Riley Rowbery 0-0: Foul Ball, location: 2F
0-1: Ball
1-1: Ball
2-1: Called Strike
2-2: Strikes out swinging, 2-3 out at first.
Batting: LHB Francisco Rojas 0-0: Ball
1-0: DOUBLE (Line Drive, 7LS, EV 110.6 MPH)
Batting: RHB Pancho Espinoza 0-0: Ball
1-0: Ball
2-0: Ball
3-0: Called Strike
3-1: Ground out 1-3 (Groundball, 13, EV 83.8 MPH)
Top of the 6th over - 0 runs, 1 hit, 0 errors, 1 left on base; San Bernardino 0 - Northville 1
BOTTOM OF THE 6TH
Northville Eclipse batting - Pitching for San Bernardino Grasshoppers : RHP Michael Leonard
Batting: RHB Noel Peterson 0-0: Swinging Strike
0-1: Ball
1-1: Foul Ball, location: 2F
1-2: Foul Ball, location: 2F
1-2: Foul Ball, location: 2F
1-2: Foul Ball, location: 2F
1-2: Ball
2-2: Foul Ball, location: 2F
2-2: Foul Ball, location: 2F
2-2: Ball
3-2: Foul Ball, location: 2F
3-2: Foul Ball, location: 2F
3-2: Base on Balls
Batting: LHB Marvello Obra 0-0: Ground out U3 (Groundball, 34S, EV 93.1 MPH)
Noel Peterson to second
Batting: RHB Pat Geldart 0-0: Ball
1-0: Swinging Strike
1-1: Ball
2-1: SINGLE (Line Drive, 89S, EV 91.9 MPH)
Noel Peterson to third
Runner from 3rd tries for Home, SAFE, throw by CF to home
Pat Geldart to second
Pitching: RHP Mihai Dumitru
Batting: LHB Raymond Dudzinski 0-0: Ground out 4-3 (Groundball, 4, EV 102.5 MPH)
Pat Geldart to third
Batting: RHB Ik-jun Cho 0-0: Called Strike
0-1: Ball
1-1: Ball
2-1: Ball
3-1: Base on Balls
Batting: RHB Wade Tazewell 0-0: Ball
1-0: Foul Ball, location: 2F
1-1: Fielders Choice at 2nd, U4 (Groundball, 4M, EV 80.6 MPH)
Bottom of the 6th over - 1 run, 1 hit, 0 errors, 2 left on base; San Bernardino 0 - Northville 2
TOP OF THE 7TH
San Bernardino Grasshoppers batting - Pitching for Northville Eclipse : RHP Pi-ao Tsao
Batting: SHB Eric Thomas 0-0: Ball
1-0: Called Strike
1-1: Called Strike
1-2: Fly out, F6 (Line Drive, 6, EV 68.8 MPH)
Pitching: LHP Sherten Apostel
Batting: RHB Albert Seals 0-0: Fly out, F8 (Line Drive, 8LM, EV 91.2 MPH)
Batting: RHB Dusty Hunt 0-0: Swinging Strike
0-1: Ball
1-1: Swinging Strike
1-2: Ball
2-2: Foul Ball, location: 2F
2-2: Ball
3-2: Strikes out looking
Top of the 7th over - 0 runs, 0 hits, 0 errors, 0 left on base; San Bernardino 0 - Northville 2
BOTTOM OF THE 7TH
Northville Eclipse batting - Pitching for San Bernardino Grasshoppers : RHP Mihai Dumitru
Batting: RHB Colm Shapland 0-0: Ball
1-0: SINGLE (Groundball, 4MD, EV 101.2 MPH)
Batting: LHB Tillmam Cru 0-0: Sac Bunt to 25 - play at first, batter OUT! 5-3
Colm Shapland to second
Batting: LHB Jon Ellender 0-0: Intentional Walk
Batting: RHB Noel Peterson 0-0: Ball
1-0: Called Strike
1-1: Foul Ball, location: 2F
1-2: Foul Ball, location: 2F
1-2: Hit by Pitch
Colm Shapland to third
Jon Ellender to second
Batting: LHB Marvello Obra 0-0: Called Strike
0-1: Swinging Strike
0-2: Ball
1-2: Ball
2-2: Strikes out looking
Batting: RHB Pat Geldart 0-0: Ball
1-0: Called Strike
1-1: Called Strike
1-2: Fly out, F8 (Flyball, 78D, EV 105.6 MPH)
Bottom of the 7th over - 0 runs, 1 hit, 0 errors, 3 left on base; San Bernardino 0 - Northville 2
TOP OF THE 8TH
San Bernardino Grasshoppers batting - Pitching for Northville Eclipse : LHP Sherten Apostel
Batting: RHB Rio Clark 0-0: Fly out, F7 (Flyball, 78D, EV 106.9 MPH)
Batting: RHB Ethan Brierley 0-0: Ball
1-0: Ball
2-0: Called Strike
2-1: Foul Ball, location: 2F
2-2: Foul Ball, location: 2F
2-2: Strikes out swinging
Batting: LHB José Soriano 0-0: Ball
1-0: Ball
2-0: Foul Ball, location: 2F
2-1: Ball
3-1: Foul Ball, location: 2F
3-2: Foul Ball, location: 2F
3-2: Strikes out swinging
Top of the 8th over - 0 runs, 0 hits, 0 errors, 0 left on base; San Bernardino 0 - Northville 2
BOTTOM OF THE 8TH
Northville Eclipse batting - Pitching for San Bernardino Grasshoppers : RHP Mihai Dumitru
Batting: LHB Raymond Dudzinski 0-0: Called Strike
0-1: Ball
1-1: Foul Ball, location: 2F
1-2: SOLO HOME RUN (Flyball, 8RXD, EV 111.9 MPH), Distance : 446 ft
Batting: RHB Ik-jun Cho 0-0: Foul Ball, location: 2F
0-1: Called Strike
0-2: Ball
1-2: Ball
2-2: Ball
3-2: SINGLE (Line Drive, 78S, EV 106.2 MPH)
Batting: RHB Wade Tazewell 0-0: Ball
1-0: Ball
2-0: Sac Bunt to 2L - play at first, batter OUT! 2-4
Ik-jun Cho to second
Batting: RHB Colm Shapland 0-0: Ball
1-0: Ground out 6-3 (Groundball, 6, EV 83.1 MPH)
Batting: LHB Tillmam Cru 0-0: Ball
1-0: Ball
2-0: Called Strike
2-1: Ball
3-1: Base on Balls
Batting: LHB Jon Ellender 0-0: Called Strike
0-1: Ball
1-1: Ball
2-1: Foul Ball, location: 2F
2-2: Ground out 4-3 (Groundball, 4, EV 83.1 MPH)
Bottom of the 8th over - 1 run, 2 hits, 0 errors, 2 left on base; San Bernardino 0 - Northville 3
TOP OF THE 9TH
San Bernardino Grasshoppers batting - Pitching for Northville Eclipse : LHP Sherten Apostel
Pitching: RHP Kong Li
Batting: LHB Riley Rowbery 0-0: Fly out, F9 (Flyball, 89D, EV 88.1 MPH)
Batting: LHB Francisco Rojas 0-0: Ball
1-0: Ball
2-0: Swinging Strike
2-1: Ground out 6-3 (Groundball, 6, EV 86.2 MPH)
Batting: RHB Pancho Espinoza 0-0: Ground out 5-3 (Groundball, 56, EV 104.4 MPH)
Top of the 9th over - 0 runs, 0 hits, 0 errors, 0 left on base; San Bernardino 0 - Northville 3
Thursday, January 23rd, 2020 - OOTP Baseball 20.8 Build 74